 Dungeon Crawl Stone Soup version 0.30-a0-972-gf3ab3527aa (webtiles) character file.

Game seed: 12180870529355191406

2158 LobsterGuardian the Magician (level 9, -7/52 (54) HPs)
             Began as an Octopode Hedge Wizard on Mar 31, 2023.
             Was an Initiate of Gozag.
             Mangled by a shadow demon (16 damage)
             ... created by the darkness of Dithmenos
             ... on level 6 of the Dungeon.
             The game lasted 00:31:55 (7104 turns).

LobsterGuardian the Magician (OpHW)                 Turns: 7104, Time: 00:31:57

HP:   -7/52 (54)    AC:  1    Str:  9    XL:     9   Next: 31%
MP:   15/20         EV: 15    Int: 21    God:    Gozag
Gold: 293           SH:  0    Dex: 17    Spells: 3/23 levels left

rFire   . . .      SeeInvis .    t - +0 dagger (elec)
rCold   . . .      Faith    .    (no shield)
rNeg    . . .      Spirit   .    b - +0 hat
rPois   .          Reflect  .    (no amulet)
rElec   .          Rampage  .    g - +6 ring of dexterity
rCorr   .                        (no ring)
Will    .....                    (no ring)
Stlth   ++++                     (no ring)
HPRegen 0.28/turn                (no ring)
MPRegen 0.17/turn                (no ring)
                                 (no ring)
                                 (no ring)

@: lightly drained
A: almost no armour, amphibious, 8 rings, camouflage 1, gelatinous body 1,
(nimble swimmer 1), tentacles
a: Renounce Religion, Potion Petition, Call Merchant, Bribe Branch


You were on level 6 of the Dungeon.
You worshipped Gozag.
Gozag was aware of your devotion.
You visited 2 branches of the dungeon, and saw 7 of its levels.

You collected 405 gold pieces.
You paid 112 gold pieces to Gozag.

Inventory:

Hand Weapons
 t - a +0 dagger of electrocution (weapon)
Armour
 b - a +0 hat (worn)
Jewellery
 a - an amulet of guardian spirit
 g - a +6 ring of dexterity (left tentacle)
 v - a ring of protection from fire
Wands
 c - a wand of paralysis (9)
 s - a wand of iceblast (2)
Scrolls
 d - 5 scrolls of amnesia
 e - a scroll of teleportation
 h - a scroll of vulnerability {unknown}
 l - a scroll of blinking {unknown}
 n - a scroll of immolation
 o - a scroll of torment
Potions
 f - 2 potions of attraction
 j - 3 potions of brilliance
 k - 2 potions of haste
 p - a potion of invisibility {unknown}
 q - a potion of berserk rage {unknown}
 r - a potion of ambrosia {unknown}
 u - a potion of might {unknown}


   Skills:
 + Level 2.0 Fighting
 + Level 1.7 Short Blades
 + Level 4.3 Dodging
 + Level 6.6 Stealth
 + Level 7.5 Spellcasting
 + Level 4.5 Conjurations
 + Level 3.6 Hexes
 + Level 3.8 Summonings
 + Level 3.3 Necromancy
 + Level 3.3 Translocations
 + Level 3.3 Air Magic
 + Level 4.3 Poison Magic


You had 3 spell levels left.
You knew the following spells:

 Your Spells              Type           Power      Damage    Failure   Level
a - Magic Dart            Conj           100%       1d8       1%          1
b - Blink                 Tloc           42%        N/A       3%          2
c - Slow                  Hex            92%        N/A       1%          1
d - Call Imp              Summ           24%        N/A       2%          2
e - Mephitic Cloud        Conj/Pois/Air  24%        N/A       4%          3
f - Cigotuvi's Dreadful   Necr/Pois/Air  46%        N/A       2%          2
g - Vampiric Draining     Necr           22%        2d7       6%          3
h - Necrotise             Necr           88%        1d8       1%          1
i - Agony                 Necr           22%        N/A       50%         5

Your spell library contained the following spells:

 Spells                   Type           Power      Damage    Failure   Level


Dungeon Overview and Level Annotations

Branches:
Dungeon (6/15)             Temple (1/1) D:4

Altars:
Ashenzari
Cheibriados
Dithmenos
Elyvilon
Fedhas
Gozag
Hepliaklqana
Makhleb
Nemelex Xobeh
Qazlal
Ru
Sif Muna
Trog
Uskayaw
Vehumet
Wu Jian
Xom
The Shining One

Shops:
D:4 :   D:5 (

Annotations:
D:4 2 runed translucent doors, Spiderchu34's ghost, weakling HOSu


Innate Abilities, Weirdness & Mutations

You cannot wear most types of armour.
You are amphibious.
You can wear up to eight rings at the same time.
Your skin changes colour to match your surroundings (Stealth+).
Your rubbery body absorbs attacks. (AC +1, EV +1)
((You are camouflaged when in or above water. (Stealth+)))
You have tentacles for arms and can constrict up to eight enemies at once.


Message History

Your squeeze misses the shadow demon.
The shadow demon is moderately wounded.
You constrict the shadow demon, but do no damage.
The shadow demon completely misses you.
You hit the shadow demon but do no damage.
The shadow demon is moderately wounded.
You constrict the shadow demon, but do no damage.
The shadow demon misses you.
You barely miss the shadow demon. You squeeze the shadow demon.
The shadow demon is moderately wounded.
You constrict the shadow demon.
Your crimson imp blinks!
The shadow demon hits you!
You barely miss the shadow demon.
You squeeze the shadow demon, but do no damage.
The shadow demon is moderately wounded.
You constrict the shadow demon. The shadow demon hits you.
You hit the shadow demon but do no damage.
Lightning courses through the shadow demon!!
The shadow demon is severely wounded.
You constrict the shadow demon. The shadow demon hits you!
* * * LOW HITPOINT WARNING * * *
You hit the shadow demon but do no damage.
The shadow demon is severely wounded.
You constrict the shadow demon, but do no damage.
The shadow demon hits you.
* * * LOW HITPOINT WARNING * * *
You completely miss the shadow demon. You squeeze the shadow demon.
The shadow demon is severely wounded.
You constrict the shadow demon.
Casting: Slow (safe; 1% risk of failure)
Confirm with . or Enter, or press ? or * to list all spells.
Aiming: Magic Dart (safe; 1% risk of failure)
Press: ? - help, Shift-Dir - straight line, f/p - shadow demon
Aim: a shadow demon (almost dead, constricted by you, durably summoned, ally target, 100% to hit)
The magic dart hits the shadow demon but does no damage.
The shadow demon is almost dead.
You constrict the shadow demon. The shadow demon hits you!
You die...
Your body crumbles into a pile of gold.

.... ##. .. #....
#..###.##.....
###.#.#....#..
#.....#......
.......#..# ..........#
.##.......##.#..@.# .
.(..............2.##...#
..........###.....5....#
...........!.....?....##
...........##.........##
...........##....>.....#
.....# ...........#...#
.....### #.$...........#
....#.#.
#.............#### #


You could see a shadow demon (ally target) and a friendly crimson imp
(summoned).

Vanquished Creatures
  A shadow demon (D:6)
  Prince Ribbit (D:5)
  Grinder (D:2)
  A shadow (D:6)
  Eustachio (D:5)
  A black bear (D:5)
  A gnoll sergeant (D:6)
  A scorpion (D:4)
  A jelly (D:4)
  Crazy Yiuf (D:3)
  2 orc priests (D:3)
  Ijyb (D:5)
  2 orc wizards
  2 sleepcaps (D:5)
  Natasha (thrice) (D:2)
  An iguana (D:5)
  4 adders
  4 gnolls (D:6)
  A worm (D:2)
  3 dart slugs
  11 orcs
  7 endoplasms
  2 giant cockroaches
  5 goblins
  6 hobgoblins
  10 jackals
  3 kobolds
  2 quokkas
  8 ball pythons
  9 bats
  4 frilled lizards
  8 rats
108 creatures vanquished.

Vanquished Creatures (collateral kills)
  Pikel (D:5)
  Duvessa (D:5)
  A phantom (D:6)
  A scorpion (D:4)
  Dowan (D:5)
  An iguana (D:6)
  A gnoll (D:6)
  5 orcs
  A kobold (D:2)
  A goblin (D:3)
14 creatures vanquished.

Grand Total: 122 creatures vanquished

Notes
Turn   | Place    | Note
-------+----------+-------------------------------------------
     0 | D:1      | LobsterGuardian the Octopode Hedge Wizard began the quest
                  | for the Orb.
     0 | D:1      | Reached XP level 1. HP: 11/11 MP: 4/4
    34 | D:1      | Reached XP level 2. HP: 15/17 MP: 0/6
   488 | D:1      | Reached XP level 3. HP: 21/21 MP: 8/8
   491 | D:1      | Learned a level 2 spell: Blink
   493 | D:1      | Learned a level 1 spell: Slow
   496 | D:1      | Learned a level 2 spell: Call Imp
   500 | D:1      | Learned a level 3 spell: Mephitic Cloud
   865 | D:1      | Reached skill level 5 in Stealth
   865 | D:1      | Reached skill level 5 in Spellcasting
   865 | D:1      | Reached XP level 4. HP: 27/27 MP: 8/11
   869 | D:1      | Learned a level 2 spell: Cigotuvi's Dreadful Rot
  1543 | D:2      | Noticed Natasha
  1553 | D:2      | Killed Natasha
  1554 | D:2      | Reached XP level 5. HP: 27/29 MP: 1/13
  2106 | D:2      | Noticed Natasha
  2114 | D:2      | Killed Natasha
  2186 | D:3      | Noticed Grinder
  2208 | D:3      | Paralysed by Grinder for 4 turns
  2219 | D:2      | Paralysed by Grinder for 3 turns
  2229 | D:2      | Killed Grinder
  2230 | D:2      | Reached skill level 6 in Spellcasting
  2230 | D:2      | Reached XP level 6. HP: 17/36 MP: 2/15
  2289 | D:2      | Noticed Natasha
  2298 | D:2      | Killed Natasha
  2529 | D:3      | Reached XP level 7. HP: 19/41 MP: 2/16
  2757 | D:3      | Found a snail-covered altar of Cheibriados.
  2809 | D:3      | Found an opulent altar of Gozag.
  2899 | D:3      | Found a runed translucent door.
  2900 | D:3      | Noticed Crazy Yiuf
  3006 | D:3      | Found a glowing golden altar of the Shining One.
  3160 | D:3      | You fall into a shaft and drop 1 floor!
  3438 | D:3      | Killed Crazy Yiuf
  3541 | D:4      | Found a runed translucent door.
  3544 | D:4      | Noticed Spiderchu34's ghost (weakling HOSu)
  3811 | D:4      | Found Luegipni's Self-Improvement Boutique.
  4068 | D:4      | Found a staircase to the Ecumenical Temple.
  4105 | Temple   | Entered the Ecumenical Temple
  4220 | Temple   | Became a worshipper of Dithmenos the Shadowed
  4611 | D:4      | Found a runed translucent door.
  4701 | D:4      | Reached skill level 1 in Fighting
  4972 | D:5      | Entered Level 5 of the Dungeon
  5146 | D:5      | Learned a level 3 spell: Vampiric Draining
  5148 | D:5      | Learned a level 1 spell: Necrotise
  5512 | D:5      | Noticed Duvessa
  5513 | D:5      | Noticed Dowan
  5520 | D:5      | Noticed Prince Ribbit
  5524 | D:5      | Killed Duvessa
  5525 | D:5      | Reached XP level 8. HP: 39/47 MP: 0/17
  5529 | D:5      | Killed Dowan
  5530 | D:5      | Reached skill level 1 in Necromancy
  5534 | D:5      | Noticed Pikel
  5536 | D:5      | Killed Prince Ribbit
  5537 | D:5      | Reached skill level 1 in Short Blades
  5542 | D:5      | Killed Pikel
  5543 | D:5      | Reached skill level 7 in Spellcasting
  5612 | D:5      | Reached XP level 9. HP: 43/54 MP: 9/19
  5618 | D:5      | Learned a level 5 spell: Agony
  5673 | D:5      | Found Ijixykliyso's Antique Weapon Shop.
  5706 | D:5      | Noticed Ijyb
  5718 | D:5      | Killed Ijyb
  5795 | D:5      | Noticed Eustachio
  5805 | D:5      | Killed Eustachio
  5977 | D:3      | Fell from the grace of Dithmenos
  5977 | D:3      | Became a worshipper of Gozag Ym Sagoz the Greedy
  6656 | D:6      | Noticed a shadow demon
  6656 | D:6      | Noticed a shadow demon
  6740 | D:6      | Killed a shadow demon
  6940 | D:6      | HP: 1/52 [something (21)]
  7085 | D:6      | Noticed a boulder beetle
  7085 | D:6      | Noticed a boulder beetle
  7104 | D:6      | Mangled by a shadow demon

Illustrated notes

Levels and vault maps discovered:
D:1:      sevenhm_arrival_forest_fort_small_4, layout_rooms, roderic_lattice_a,
          minmay_misc_feat_tower, minivault_24
D:2:      layout_loops_ring, wad_orctagon, uniq_natasha
D:3:      minmay_razor_zed, layout_rooms, mainiacjoe_overflow_cross_hatched,
          amcnicky_altar_gilded, old_standard_altar, uniq_crazy_yiuf_cottage,
          uniq_grinder
D:4:      layout_basic, temple_doors_ab, ebering_ghost_sewer_f,
          chequers_serial_rivers_micro_c, nicolae_shop_self_help
D:5:      layout_cave_pods, serial_shops, shop_statue, dk_noncrumbling_3,
          corner_web_ring, uniq_duvessa, uniq_eustachio, uniq_pikel,
          uniq_prince_ribbit1, uniq_ijyb
D:6:      layout_layer_cave, kennysheep_flooded_box
Temple:   regret_index_temple_waves

Skill      XL: |  1  2  3  4  5  6  7  8  9 |
---------------+----------------------------+-----
Dodging        | 3 4 |  4.3
Stealth        | 5 6 |  6.6
Spellcasting   | 5 6 7 |  7.5
Conjurations   | 3 4 |  4.5
Hexes          | 3 |  3.6
Summonings     | 3 |  3.8
Translocations | 3 |  3.3
Air Magic      | 3 |  3.3
Poison Magic   | 3 4 |  4.3
Fighting       | 1 2 |  2.0
Necromancy     | 2 3 |  3.3
Short Blades   | 1 |  1.7

Action                     |  1- 3 |  4- 6 |  7- 9 || total
---------------------------+-------+-------+-------++-------
  Melee: Dagger            |    35 |    34 |   111 ||   180
         Constrict         |    12 |    12 |    34 ||    58
         Tentacles         |     5 |     7 |    37 ||    49
         Punch             |       |       |     5 ||     5
   Cast: Magic Dart        |    20 |    63 |    89 ||   172
         Call Imp          |       |     8 |    15 ||    23
         Mephitic Cloud    |       |     7 |    17 ||    24
         Cigotuvi's Dreadf |       |     2 |     2 ||     4
         Slow              |       |     2 |    11 ||    13
         Necrotise         |       |       |    21 ||    21
         Vampiric Draining |       |       |     6 ||     6
         Blink             |       |       |     1 ||     1
  Evoke: Wand              |       |       |     5 ||     5
    Use: Scroll            |     3 |     2 |     7 ||    12
         Potion            |     1 |     2 |     7 ||    10
   Stab: Sleeping          |     6 |     3 |     6 ||    15
         Confused          |       |       |     5 ||     5
 Armour: Skin              |     3 |     4 |    11 ||    18
  Dodge: Dodged            |    22 |    29 |    92 ||   143

Table legend: (Time is in decaauts)
 A = Elapsed time spent in this place.
 B = Non-inter-level travel time spent in this place.
 C = Inter-level travel time spent in this place.
 D = Time resting spent in this place.
 E = Time spent auto-exploring this place.
 F = Levels seen in this place.
 G = Mean time per level.
                   A        B        C        D        E       F      G
               +--------+--------+--------+--------+--------+-----+--------+
         Total |   7088 |   6745 |    343 |    100 |   5606 |   7 | 1012.6 |
       Dungeon |   6951 |   6644 |    307 |    100 |   5517 |   6 | 1158.5 |
        Temple |    136 |    100 |     36 |      0 |     89 |   1 |  136.0 |
               +--------+--------+--------+--------+--------+-----+--------+

Top non-repeatable levels by time:
     D:5: 1564 daAuts
     D:2: 1467 daAuts
     D:4: 1360 daAuts
     D:3: 1231 daAuts
     D:1: 893 daAuts
     D:6: 435 daAuts
  Temple: 136 daAuts
